 Dungeon Crawl Stone Soup version 0.26.0-10-g1f06aea511 (webtiles) character file.

Game seed: 9136065617017011606

14625 Lyanoward the Basher (level 12, -5/108 HPs)
             Began as a Hill Orc Monk on Jan 29, 2021.
             Was an Elder of Beogh.
             Slain by Kirke (16 damage)
             ... on level 12 of the Dungeon on Jan 31, 2021.
             The game lasted 01:31:57 (15710 turns).

Lyanoward the Basher (Hill Orc Monk)               Turns: 15710, Time: 01:31:58

Health: -5/108     AC:  0    Str: 19    XL:     12   Next: 18%
Magic:  15/15      EV: 16    Int: 10    God:    Beogh [****..]
Gold:   745        SH:  0    Dex: 13    Spells: 11/11 levels left

rFire    . . .     SeeInvis .   (weapon currently unavailable)
rCold    . . .     Faith    .   (shield currently unavailable)
rNeg     . . .     Spirit   .   (armour currently unavailable)
rPois    .         Reflect  .   (helmet currently unavailable)
rElec    .         Harm     .   (cloak currently unavailable)
rCorr    .         Rampage  .   (gloves currently unavailable)
Will     .....                  (boots currently unavailable)
Stlth    ++........             (no amulet)
HPRegen  0.28/turn              (ring currently unavailable)
MPRegen  0.14/turn              (ring currently unavailable)

@: pig-form, very quick
A: small
a: Renounce Religion, Smiting, Recall Orcish Followers


You were on level 12 of the Dungeon.
You worshipped Beogh.
Beogh was greatly pleased with you.
You were a filthy swine.
You visited 2 branches of the dungeon, and saw 13 of its levels.
You also visited: Ossuary.

You collected 745 gold pieces.

Inventory:

Hand Weapons
 a - a cursed -1 broad axe
 m - a +1 war axe of flaming (melded)
 o - a +1 short sword of holy wrath
 s - a +2 flail of draining
 v - a +1 flail of venom
 Q - a +0 hunting sling
 X - the +6 long sword "Kyhorytu" {vorpal, rF+ Int+4 Dex-5, unknown}
   (You found it on level 8 of the Dungeon)

   It inflicts extra damage upon your enemies.
   It affects your intelligence (+4).
   It affects your dexterity (-5).
   It protects you from fire.
Missiles
 n - 459 stones
Armour
 c - a +0 cloak (melded)
 x - +0 acid dragon scales
 z - a +1 plate armour
 V - a +0 buckler (melded)
 Y - the +7 Kryia's mail coat (melded) {PotionHeal*2 rC+}
   (You found it on level 8 of the Dungeon)

   It protects you from cold.
 Z - a +1 pair of boots (melded)
Magical Staves
 H - an uncursed staff of cold {unknown}
 N - an uncursed staff of fire {unknown}
Jewellery
 k - a ring of protection from cold (melded)
 u - an uncursed amulet of guardian spirit {unknown}
 w - a +6 ring of intelligence (melded)
 B - an uncursed ring of willpower
 I - an uncursed ring of magical power
 O - an uncursed ring of flight {unknown}
 U - an uncursed ring of stealth {unknown}
 W - an uncursed ring of ice {unknown}
Wands
 q - a wand of enslavement (9) (quivered)
 y - a wand of flame (32)
 J - a wand of polymorph (11)
Scrolls
 e - 4 scrolls of enchant armour
 f - 2 scrolls of immolation
 h - 8 scrolls of remove curse
 j - 3 scrolls of fear {unknown}
 l - 4 scrolls of fog
 p - 7 scrolls of identify
 A - 5 scrolls of teleportation
 C - 2 scrolls of amnesia {unknown}
 F - a scroll of noise {unknown}
 G - 3 scrolls of blinking {unknown}
 L - 4 scrolls of enchant weapon {unknown}
 P - a scroll of magic mapping {unknown}
 R - a scroll of random uselessness {unknown}
Potions
 b - 2 potions of mutation {unknown}
 d - 6 potions of curing
 g - 2 potions of heal wounds
 i - 4 potions of brilliance {unknown}
 r - 4 potions of attraction
 t - a potion of degeneration {unknown}
 D - 2 potions of lignification {unknown}
 E - a potion of flight {unknown}
 K - 2 potions of cancellation {unknown}
 M - a potion of ambrosia {unknown}
 S - 2 potions of invisibility {unknown}
 T - a potion of haste {unknown}


   Skills:
 * Level 10.8 Fighting
 * Level 11.4(14.0) Axes
 - Level 11.8(13.1) Maces & Flails
 * Level 9.8 Armour
 - Level 3.8 Dodging
 - Level 2.3 Stealth
 + Level 2.2 Shields
 * Level 4.0 Invocations


You had 11 spell levels left.
You didn't know any spells.
Your spell library was empty.

Dungeon Overview and Level Annotations

Branches:
Dungeon (12/15)            Temple (0/1) D:5            Lair (1/6) D:10
    Orc (0/2) D:12        Ossuary (visited)

Altars:
Cheibriados
Kikubaaqudgha
Nemelex Xobeh
Ru
Trog
Uskayaw
Vehumet
Xom
Yredelemnul
Zin

Shops:
D:5 [

Annotations:
D:2 Terence
D:12 Kirke


Message History

The hog closely misses your orc warrior.
The hog bites your orc warrior!
Your orc warrior barely misses the hog.
You miss something. Something hits you.
* * * LOW HITPOINT WARNING * * *
Your orc warrior hits the hog with a +0 scimitar!
The hog dies!
Beogh accepts your kill.
Beogh blesses Boldo with improved armour.
Boldo looks more experienced.
The hog bites your orc warrior but does no damage.
You feel much better. The harpy closely misses you. The harpy claws you.
* * * LOW HITPOINT WARNING * * *
Something hits you!
* * * LOW HITPOINT WARNING * * *
Your orc warrior hits the hog with a +0 trident!
The hog bites your orc warrior. The harpy closely misses you.
The harpy misses you.
Boldo hits the harpy with a +0 scimitar!!
Something hits you!
You die...

.#(†.........)...###
#(#).............#
###..............#######
###.....................
.##....................
.##................###
.###############o..# o##
#oo.# #.#


#hoo# ### #{Hh# ## #HC.... .## ......... ..# ......... .## .......... .#
.......... .## ........... o.# You could see a cyclops, 2 harpies, a hog, 3
friendly orc warriors, the friendly Boldo the orc warrior (strong) and a
friendly orc (strong).

Vanquished Creatures
  Harold (D:11)
  Erolcha (D:10)
  A centaur warrior (D:12)
  A two-headed ogre (D:9)
  An unseen horror (D:7)
  A cyclops (D:12)
  A manticore (D:12)
  An ugly thing (D:12)
  Psyche (D:11)
  2 rime drakes (D:12)
  Maggie (D:9)
  2 komodo dragons
  2 trolls
  6 yaks
  2 wyverns
  2 wraiths
  Eustachio (D:6)
  2 hogs (D:12)
  2 wargs (D:12)
  A soldier ant (D:11)
  2 water moccasins (Lair:1)
  4 black bears
  2 orc warriors (D:10)
  6 ice beasts
  A phantom (D:5)
  5 sky beasts
  8 ogres
  A necrophage (D:10)
  2 centaurs (D:12)
  10 bullfrogs
  2 big kobolds
  5 scorpions
  5 wights
  3 bullfrog zombies
  4 howler monkeys
  4 hounds
  4 centaur zombies
  A bullfrog skeleton (D:4)
  2 orc priests
  4 jellies
  4 orc wizards
  A centaur skeleton (D:5)
  6 iguanas
  4 worker ants
  A killer bee zombie (D:7)
  A hound zombie (D:10)
  A hound skeleton (D:11)
  A worker ant zombie (D:11)
  10 adders
  3 gnolls (D:4)
  A shadow imp (D:5)
  4 white imps
  An ufetubus (D:7)
  2 oozes (D:2)
  4 adder skeletons
  A worm (D:3)
  The ghost of Hyawatha the Sneak, a weakling GrDe (D:5)
  4 dart slugs
  4 leopard geckos
  19 orcs
  6 giant cockroaches
  6 hobgoblins
  18 jackals
  8 quokkas
  2 ball pythons
  A ball python zombie (D:5)
  6 bats
  4 frilled lizards
  A gnoll zombie (Ossuary)
  4 goblins
  A jackal zombie (D:5)
  11 kobolds
  An orc zombie (Ossuary)
  2 quokka skeletons
  A quokka zombie (D:7)
  5 rats
257 creatures vanquished.

Vanquished Creatures (collateral kills)
  A wraith (D:12)
  A basilisk (D:12)
  4 yaks
  4 hogs (D:12)
  An orc warrior (D:11)
  A centaur (D:12)
  3 wights (D:12)
  An orc (D:11)
  2 goblins (D:12)
  2 hobgoblins (D:12)
20 creatures vanquished.

Vanquished Creatures (others)
  An orc knight (D:12)
  An orc priest (D:11)
  3 orc warriors
  An orc wizard (D:8)
  7 orcs
  24 plants
37 creatures vanquished.

Grand Total: 314 creatures vanquished

Notes
Turn   | Place    | Note
-------+----------+-------------------------------------------
     0 | D:1      | Lyanoward the Hill Orc Monk began the quest for the Orb.
     0 | D:1      | Reached XP level 1. HP: 19/19 MP: 1/1
   171 | D:1      | You fall into a shaft and drop 1 floor!
   329 | D:1      | Reached XP level 2. HP: 27/27 MP: 2/2
  1347 | D:2      | Reached XP level 3. HP: 25/33 MP: 3/3
  1542 | D:2      | Reached skill level 1 in Armour
  1592 | D:2      | HP: 1/33 [jackal (1)]
  1822 | D:2      | Reached XP level 4. HP: 29/40 MP: 4/4
  2056 | D:2      | Noticed Terence
  2941 | D:3      | Found a snail-covered altar of Cheibriados.
  3115 | D:3      | Reached XP level 5. HP: 46/47 MP: 5/5
  3405 | D:3      | Found a radiant altar of Vehumet.
  3405 | D:3      | Found a sparkling altar of Nemelex Xobeh.
  3602 | D:3      | Found a shimmering altar of Xom.
  4076 | D:4      | Reached skill level 5 in Maces & Flails
  4076 | D:4      | Reached XP level 6. HP: 46/53 MP: 6/6
  5091 | D:4      | Reached XP level 7. HP: 58/60 MP: 7/7
  5178 | D:4      | Reached skill level 5 in Fighting
  5326 | D:5      | Entered Level 5 of the Dungeon
  5512 | D:5      | Found a runed translucent gate.
  5513 | D:5      | Found a runed translucent gate.
  5513 | D:5      | Found a runed translucent gate.
  5518 | D:5      | Noticed Hyawatha's ghost (weakling GrDe)
  5533 | D:5      | Killed Hyawatha's ghost
  5946 | D:5      | Found a bloodstained altar of Trog.
  6078 | D:5      | Found a staircase to the Ecumenical Temple.
  6141 | D:5      | Reached XP level 8. HP: 58/70 MP: 8/8
  6311 | D:5      | Found Zuvof's Antique Armour Emporium.
  6630 | D:6      | Found a sand-covered staircase.
  6644 | Ossuary  | Entered an ossuary
  6693 | D:6      | Noticed Eustachio
  6706 | D:6      | Killed Eustachio
  6707 | D:6      | Reached skill level 5 in Armour
  6860 | D:6      | Found a glowing silver altar of Zin.
  7191 | D:6      | Reached XP level 9. HP: 76/79 MP: 9/9
  7357 | D:6      | Found a hide-covered altar of Uskayaw.
  7439 | D:6      | Found a basalt altar of Yredelemnul.
  7463 | D:6      | Found an ancient bone altar of Kikubaaqudgha.
  8118 | D:7      | Killed an unseen horror
  8316 | D:7      | Reached skill level 10 in Maces & Flails
  8654 | D:8      | Became a worshipper of Beogh the Brigand
  8654 | D:8      | Reached * piety under Beogh
  8654 | D:8      | Reached ** piety under Beogh
  9326 | D:8      | Got an ancient long sword
  9435 | D:8      | Found the +7 Kryia's mail coat {PotionHeal*2 rC+}
  9821 | D:9      | Found a radiant altar of Vehumet.
  9824 | D:9      | Found a sacrificial altar of Ru.
 10117 | D:9      | Noticed a two-headed ogre
 10128 | D:9      | Killed a two-headed ogre
 10129 | D:9      | Reached XP level 10. HP: 88/89 MP: 10/10
 10248 | D:10     | Entered Level 10 of the Dungeon
 11029 | D:9      | Noticed Maggie
 11044 | D:9      | Killed Maggie
 11585 | D:10     | Reached skill level 1 in Axes
 11696 | D:10     | Reached *** piety under Beogh
 11891 | D:10     | Found a staircase to the Lair.
 11893 | D:10     | Noticed Erolcha
 11926 | D:10     | HP: 4/91 [komodo dragon (20)]
 11929 | D:10     | Reached skill level 1 in Shields
 11941 | D:10     | Killed Erolcha
 11942 | D:10     | Reached XP level 11. HP: 33/97 MP: 11/11
 12585 | Lair:1   | Entered Level 1 of the Lair of Beasts
 12845 | D:11     | Noticed Psyche
 12854 | D:11     | Killed Psyche
 13544 | D:11     | Noticed Harold
 14004 | D:11     | Killed Harold
 14005 | D:11     | Reached skill level 10 in Fighting
 14005 | D:11     | Reached skill level 1 in Invocations
 14546 | D:12     | Noticed a manticore
 14567 | D:12     | Killed a manticore
 14917 | D:12     | Reached skill level 10 in Axes
 14945 | D:12     | Found a staircase to the Orcish Mines.
 14958 | D:12     | Noticed a centaur warrior
 14966 | D:12     | Killed a centaur warrior
 14966 | D:12     | Reached **** piety under Beogh
 15196 | D:12     | Noticed a cyclops
 15213 | D:12     | Killed a cyclops
 15214 | D:12     | Reached XP level 12. HP: 29/108 MP: 14/14
 15687 | D:12     | Noticed Kirke
 15709 | D:12     | HP: 3/108 [something (6)]
 15709 | D:12     | Gained Boldo as an ally
 15710 | D:12     | Slain by Kirke

Illustrated notes

Levels and vault maps discovered:
D:1:      sevenhm_arrival_forest_fort_small_4, layout_basic,
          kennysheep_decorative_pillar
D:2:      layout_basic, minmay_tromino_v4_b, uniq_terence
D:3:      layout_loops_ring, amethyst_overflow_temple_binary,
          kennysheep_slug_shrine, lemuel_coloured_pillars_altar,
          grunt_ministairs_4, minmay_crystal_water
D:4:      layout_basic, grunt_ministairs_3
D:5:      layout_basic, bloody_trog, temple_hall, gammafunk_ghost_necromancy,
          serial_shops, nicolae_shop_statue_plus
D:6:      layout_basic, old_standard_altar, yredelemnul_altar_generic,
          old_standard_altar, general_overflow_altar,
          lightli_ossuary_entry_decrepit_ruins, uniq_eustachio
D:7:      layout_basic
D:8:      layout_basic, minivault_10
D:9:      layout_basic, nicolae_ru_awakened_eye, basic_altar, centaur_isle,
          uniq_maggie
D:10:     layout_loops_ring, david_lair_shrubbed, uniq_erolcha
D:11:     minmay_inner_zag, layout_cave_pools, uniq_harold, uniq_psyche
D:12:     layout_long_grid, erik_orc_3, gammafunk_ghost_grave,
          portal_ice_cave_rime, uniq_kirke
Lair:1:   layout_loops_ring, special_room [special_room_bee],
          lemuel_fruit_fields, infiniplex_staircase_pool_2

Skill      XL: |  1  2  3  4  5  6  7  8  9 10 11 12 |
---------------+-------------------------------------+-----
Fighting       | 4 5 7 8 9 10 | 10.8
Armour         | 1 2 3 4 5 8 9 |  9.8
Maces & Flails | 4 5 7 8 11 | 11.8
Dodging        | 3 |  3.8
Stealth        | 2 |  2.3
Axes           | 6 10 11 | 11.4
Shields        | 1 2 |  2.2
Invocations    | 3 4 |  4.0

Action                   |  1- 3 |  4- 6 |  7- 9 | 10-12 || total
-------------------------+-------+-------+-------+-------++-------
Melee: Mace              |   107 |    96 |       |       ||   203
       Flail             |       |   136 |   321 |   123 ||   580
       War axe           |       |       |       |   320 ||   320
       Unarmed           |       |       |       |    13 ||    13
Invok: Convert to Beogh  |       |       |     1 |       ||     1
  Use: Potion            |       |       |     3 |     4 ||     7
       Scroll            |       |       |     6 |     2 ||     8
 Stab: Sleeping          |     1 |     1 |       |       ||     2
       Distracted        |       |       |       |     2 ||     2
Armor: Leather armour    |    39 |    24 |       |       ||    63
       Scale mail        |       |    23 |    15 |   224 ||   262
       Chain mail        |       |    63 |     3 |       ||    66
       Plate armour      |       |       |   188 |       ||   188
       Skin              |       |       |       |     1 ||     1
Dodge: Dodged            |   122 |   143 |    95 |   178 ||   538
Block: Buckler           |       |       |     6 |    59 ||    65
